 Dungeon Crawl Stone Soup version 0.20.1-1-g8b1a95d (webtiles) character file.

12296 Linguinho the Cleaver (level 11, -14/86 HPs)
             Began as a Demonspawn Monk on Nov 9, 2017.
             Was a High Priest of Trog.
             Demolished by a stone giant (29 damage)
             ... on level 10 of the Dungeon.
             The game lasted 00:44:51 (13886 turns).

Linguinho the Cleaver (Demonspawn Monk)            Turns: 13886, Time: 00:44:52

Health: -14/86     AC: 23    Str: 15    XL:     11   Next: 60%
Magic:  0/13       EV: 13    Int: 12    God:    Trog [*****.]
Gold:   842        SH:  2    Dex: 20    Spells: 10/10 levels left

rFire    . . .     SeeInvis .   O - +3 quarterstaff (protect)
rCold    . . .     Gourm    .   (shield currently unavailable)
rNeg     . . .     Faith    .   P - +1 plate armour {MR+}
rPois    .         Spirit   +   (helmet unavailable)
rElec    .         Reflect  +   b - scarf {Spirit}
rCorr    .         Harm     .   (no gloves)
MR       +....                  f - +0 pair of boots
Stlth    ..........             B - +2 amulet of reflection
Regen    0.3/turn               r - +1 ring of evasion
MPRegen  0.2/turn               A - +5 ring of protection

@: agile, berserk cooldown
A: horns 3, thin metallic scales 1, powered by pain 3, rot immunity
a: Berserk, Trog's Hand, Brothers in Arms, Burn Spellbooks, Renounce Religion


You were on level 10 of the Dungeon.
You worshipped Trog.
Trog was extremely pleased with you.
You were near starving.

You visited 4 branches of the dungeon, and saw 13 of its levels.

You collected 842 gold pieces.

Inventory:

Hand Weapons
 e - a +2 hand axe of venom
 l - a +2 mace of draining
 O - a +3 quarterstaff of protection (weapon)
 V - a +0 dire flail
Missiles
 h - 13 tomahawks (quivered)
 q - 8 javelins
Armour
 b - a scarf of spirit shield (worn)
 f - a +0 pair of boots (worn)
 G - a +0 plate armour
 L - a +0 shield
 P - a +1 plate armour of magic resistance (worn)
Jewellery
 r - a +1 ring of evasion (left hand)
 A - a +5 ring of protection (right hand)
 B - a +2 amulet of reflection (around neck)
 N - an uncursed ring of protection from cold
Wands
 j - a wand of flame (22/48)
 F - a wand of lightning (4/15)
 H - a wand of confusion (18/48)
 M - a wand of scattershot (2/9)
Scrolls
 a - a scroll of magic mapping {unknown}
 g - a scroll of fog {unknown}
 k - 2 scrolls of enchant armour {unknown}
 p - a scroll of teleportation {unknown}
 u - 6 scrolls of enchant weapon {unknown}
 v - 3 scrolls of remove curse {unknown}
 y - 2 scrolls of noise {unknown}
 D - 2 scrolls of blinking {unknown}
 S - a scroll of vulnerability {unknown}
Potions
 d - 2 potions of mutation {unknown}
 i - 2 potions of heal wounds
 n - 2 potions of cancellation
 o - a potion of agility
 s - a potion of resistance {unknown}
 x - a potion of berserk rage
 z - 2 potions of magic {unknown}
 E - 4 potions of degeneration {unknown}
 I - a potion of ambrosia {unknown}
 J - a potion of brilliance {unknown}
 K - 3 potions of haste {unknown}
 R - a potion of curing
Books
 T - a book of Debilitation

   Spells                             Type                      Level
   a - Corona                         Hexes                        1
   b - Slow                           Hexes                        2
   c - Inner Flame                    Hexes/Fire                   3
   d - Portal Projectile              Hexes/Translocation          3
   e - Cause Fear                     Hexes                        4
   f - Leda's Liquefaction            Hexes/Earth                  4
   Trog disapproves of the use of such an item.
 U - a book of Geomancy

   Spells                             Type                      Level
   a - Sandblast                      Earth                        1
   b - Passwall                       Transmutation/Earth          2
   c - Stone Arrow                    Conjuration/Earth            3
   d - Petrify                        Transmutation/Earth          4
   e - Lee's Rapid Deconstruction     Earth                        5
   Trog disapproves of the use of such an item.
Miscellaneous
 Q - a lightning rod (4/4)
Comestibles
 c - 3 bread rations
 m - a meat ration
 w - 31 fruits
 C - 4 royal jellies
 W - 3 chunks of flesh


   Skills:
 + Level 8.2 Fighting
 + Level 9.8(10.3) Axes
   Level 5.0(8.9) Polearms
 + Level 5.4(6.3) Staves
 + Level 1.5 Throwing
 + Level 8.8 Armour
 + Level 3.9 Dodging
 - Level 1.8 Stealth
 - Level 0.5 Shields
 * Level 3.2 Evocations


You had 10 spell levels left.
You didn't know any spells.

Dungeon Overview and Level Annotations

Branches:
Dungeon (10/15)            Temple (1/1) D:4            Lair (1/6) D:8
    Orc (1/2) D:10

Altars:
Ashenzari
Cheibriados
Dithmenos
Elyvilon
Fedhas
Gozag
Hepliaklqana
Kikubaaqudgha
Makhleb
Nemelex Xobeh
Okawaru
Qazlal
Ru
Sif Muna
Trog
Uskayaw
Vehumet
Xom
Yredelemnul
Zin
The Shining One


Innate Abilities, Weirdness & Mutations

You have a pair of large horns on your head.
You are partially covered in thin metallic scales. (AC +2)
You are powered by pain.
You are immune to rotting.


Message History

The orc wizard blinks!
The orc wizard gestures wildly while chanting.
The orc wizard seems to speed up.
The orc wizard casts a spell at you. You resist with almost no effort.
The stone giant hits you.
* * * LOW HITPOINT WARNING * * *
The orc wizard gestures wildly while chanting.
The orc wizard blinks!
You feel yourself speed up.
The orc wizard mumbles some strange words.
The orc wizard blinks!
The stone giant barely misses you.
There is a staircase back to the Dungeon here.
The stone giant hits you!
* * * LOW HITPOINT WARNING * * *
You climb upwards.
Welcome back to the Dungeon!
There is a staircase to the Orcish Mines here.
It was a potion of agility.
You feel agile all of a sudden. The stone giant hits you!!
You die...

#.......#
#...#..........#
#.......#
#...#..######..####
######..###...#..#
#......
#...#######.#
#.#####
#.......(...# #.#
#..####'###.# #.#
#..##8.([8#.# #.#
#..##..)C.#.# #.#
#..##..@..#.# #.#
#...#.....#.# #.#
#...#8...8#.# #.#
#...#######.######.#
#.......# #........#
######.......#
#........#
#............#
#........#
#.......(....#
#........#
#............#
#........#


You could see a stone giant.

Vanquished Creatures
  2 two-headed ogres
  The ghost of Folque the Destroyer, a journeyman OpWz of Sif Muna (D:10)
  2 orc knights (Orc:1)
  An orc sorcerer (Orc:1)
  Joseph (D:9)
  Maurice (D:9)
  The ghost of Zeege the Digger, a novice GrEE of Qazlal (D:6)
  A troll (D:10)
  6 yaks (D:9)
  3 wyverns
  An acid dragon (D:8)
  3 sky beasts
  4 ice beasts
  A necrophage (D:7)
  13 orc warriors
  8 ogres
  2 black bears
  3 phantoms
  The ghost of Linguinho the Poker, an amateur DsMo (D:4)
  A centaur (D:10)
  4 crocodiles
  3 big kobolds
  A gnoll sergeant (D:10)
  7 bullfrogs
  2 scorpions (D:10)
  5 howler monkeys
  A crimson imp (D:7)
  A bullfrog zombie (D:9)
  3 jellies
  2 centaur zombies
  2 hounds
  14 orc wizards
  9 orc priests
  3 centaur skeletons
  5 iguanas
  6 worker ants
  A hound zombie (D:8)
  A hound skeleton (D:5)
  A worker ant zombie (D:9)
  10 adders
  6 gnolls (D:10)
  A howler monkey skeleton (D:6)
  2 shadow imps
  2 oozes (D:1)
  An adder zombie (D:6)
  2 adder skeletons
  A worm (D:6)
  A dart slug (D:1)
  8 leopard geckos
  70 orcs
  2 giant cockroaches
  4 goblins (D:1)
  8 hobgoblins
  24 jackals
  4 kobolds
  4 quokkas
  A ball python (D:3)
  A ball python skeleton (D:5)
  3 bats
  8 frilled lizards
  A quokka zombie (D:9)
  3 rats
294 creatures vanquished.

Vanquished Creatures (collateral kills)
  3 orc warriors (D:10)
  A gnoll (D:10)
4 creatures vanquished.

Vanquished Creatures (others)
  An orc wizard (Orc:1)
  A frilled lizard (D:1)
  A bush (D:1)
3 creatures vanquished.

Grand Total: 301 creatures vanquished

Notes
Turn   | Place    | Note
-------+----------+-------------------------------------------
     0 | D:1      | Linguinho the Demonspawn Monk began the quest for the Orb.
     0 | D:1      | Reached XP level 1. HP: 18/18 MP: 1/1
   391 | D:1      | Gained mutation: You sometimes gain a little power by taking damage. [demonic ancestry]
   391 | D:1      | Reached XP level 2. HP: 21/24 MP: 2/2
  1246 | D:1      | Reached XP level 3. HP: 28/29 MP: 1/3
  2318 | D:3      | Found a faded altar of an unknown god.
  2345 | D:2      | Reached skill level 1 in Armour
  2345 | D:2      | Gained mutation: You sometimes gain power by taking damage. [demonic ancestry]
  2345 | D:2      | Reached XP level 4. HP: 6/36 MP: 0/4
  2682 | D:2      | HP: 1/36 [poisoned by a kobold]
  3198 | D:3      | Gained mutation: You have a pair of small horns on your head. [demonic ancestry]
  3198 | D:3      | Reached XP level 5. HP: 36/42 MP: 5/5
  3285 | D:3      | Found an iron altar of Okawaru.
  3691 | D:4      | Reached skill level 1 in Throwing
  3919 | D:3      | Found a hide-covered altar of Uskayaw.
  4151 | D:4      | Noticed Linguinho's ghost (amateur DsMo)
  4193 | D:5      | Entered Level 5 of the Dungeon
  4611 | D:4      | Found a burning altar of Makhleb.
  4872 | D:5      | Identified Itoplote's Grimoire of Ashen Displacement
  4880 | D:4      | Reached XP level 6. HP: 48/48 MP: 6/6
  4894 | D:4      | Found a staircase to the Ecumenical Temple.
  5249 | D:4      | Killed Linguinho's ghost
  5379 | D:4      | Reached skill level 1 in Axes
  5379 | D:4      | Gained mutation: You are powered by pain. [demonic ancestry]
  5379 | D:4      | Reached XP level 7. HP: 49/55 MP: 7/7
  5512 | Temple   | Entered the Ecumenical Temple
  5551 | Temple   | Became a worshipper of Trog the Wrathful
  5551 | Temple   | Reached * piety under Trog
  5551 | Temple   | Reached ** piety under Trog
  5620 | D:5      | Reached skill level 5 in Polearms
  5767 | D:5      | Reached skill level 2 in Axes
  5876 | D:5      | Found a deep blue altar of Sif Muna.
  6399 | D:6      | Reached skill level 3 in Axes
  6588 | D:6      | Gained mutation: You are partially covered in thin metallic scales. (AC +2) [demonic ancestry]
  6588 | D:6      | Reached XP level 8. HP: 53/61 MP: 5/8
  6766 | D:6      | Reached skill level 5 in Fighting
  7064 | D:6      | Noticed Zeege's ghost (novice GrEE)
  7090 | D:5      | Reached skill level 4 in Axes
  7444 | D:6      | Killed Zeege's ghost
  7444 | D:6      | Reached skill level 5 in Armour
  7587 | D:6      | Reached skill level 5 in Axes
  7919 | D:6      | Reached *** piety under Trog
  8076 | D:6      | Found a white marble altar of Elyvilon.
  8223 | D:6      | Gained mutation: You are immune to rotting. [demonic ancestry]
  8223 | D:6      | Reached XP level 9. HP: 69/69 MP: 9/9
  8563 | D:7      | Reached skill level 6 in Axes
  9030 | D:7      | Found a shadowy altar of Dithmenos.
  9228 | D:8      | Noticed a two-headed ogre
  9241 | D:8      | Killed a two-headed ogre
  9241 | D:8      | Reached skill level 7 in Axes
  9429 | D:8      | Found a hazy altar of Hepliaklqana.
  9864 | D:8      | Found a staircase to the Lair.
  9885 | D:8      | Reached **** piety under Trog
  9907 | D:8      | Reached skill level 8 in Axes
  9910 | D:8      | Gained mutation: You have a pair of horns on your head. [demonic ancestry]
  9910 | D:8      | Reached XP level 10. HP: 27/77 MP: 3/10
 10240 | Lair:1   | Entered Level 1 of the Lair of Beasts
 10651 | D:9      | Reached skill level 9 in Axes
 10912 | D:9      | Noticed Joseph
 10913 | D:9      | Noticed Maurice
 10921 | D:9      | Killed Joseph
 10929 | D:9      | Killed Maurice
 11311 | D:9      | Reached ***** piety under Trog
 11845 | D:10     | Entered Level 10 of the Dungeon
 11863 | D:10     | Noticed a two-headed ogre
 11874 | D:10     | Noticed Folque's ghost (journeyman OpWz)
 11874 | D:10     | Killed a two-headed ogre
 11874 | D:10     | Gained mutation: You have a pair of large horns on your head. [demonic ancestry]
 11874 | D:10     | Reached XP level 11. HP: 82/85 MP: 8/11
 12009 | D:10     | Killed Folque's ghost
 12083 | D:10     | Found a staircase to the Orcish Mines.
 12093 | D:10     | Reached skill level 1 in Evocations
 13485 | Orc:1    | Entered Level 1 of the Orcish Mines
 13485 | Orc:1    | Noticed an orc sorcerer
 13494 | Orc:1    | Killed an orc sorcerer
 13701 | Orc:1    | Noticed an orc knight
 13716 | Orc:1    | Killed an orc knight
 13716 | Orc:1    | Reached skill level 5 in Staves
 13819 | Orc:1    | Noticed an orc knight
 13820 | Orc:1    | Noticed a stone giant
 13836 | Orc:1    | Killed an orc knight
 13886 | D:10     | Demolished by a stone giant

Skill      XL: |  1  2  3  4  5  6  7  8  9 10 11 |
---------------+----------------------------------+-----
Polearms       | 3 4 5 |  5.0
Armour         | 1 2 3 4 5 7 8 |  8.8
Throwing       | 1 |  1.5
Fighting       | 4 5 6 7 8 |  8.2
Dodging        | 3 |  3.9
Axes           | 1 3 5 8 9 |  9.8
Staves         | 2 5 |  5.4
Evocations     | 3 |  3.2
Stealth        | |  1.8
Shields        | |  0.5

Action                   |  1- 3 |  4- 6 |  7- 9 | 10-12 || total
-------------------------+-------+-------+-------+-------++-------
Melee: Spear             |   251 |   191 |       |       ||   442
       Headbutt          |       |    25 |    72 |   106 ||   203
       Hand axe          |       |    41 |   276 |   135 ||   452
       War axe           |       |       |    27 |       ||    27
       Quarterstaff      |       |       |       |   309 ||   309
       Mace              |       |       |       |    11 ||    11
Throw: Tomahawk          |    13 |    19 |     2 |     2 ||    36
       Javelin           |       |     1 |       |       ||     1
Invok: Berserk           |       |       |     5 |    14 ||    19
       Burn Spellbooks   |       |       |     2 |       ||     2
       Brothers in Arms  |       |       |       |     2 ||     2
Evoke: Wand              |       |       |       |     3 ||     3
  Use: Potion            |       |     7 |       |     3 ||    10
       Scroll            |       |       |     9 |     4 ||    13
 Stab: Sleeping          |     3 |       |       |       ||     3
  Eat: Chunk             |     4 |     3 |    15 |    17 ||    39
       Bread ration      |       |     1 |     1 |       ||     2
       Royal jelly       |       |     1 |       |       ||     1
       Meat ration       |       |       |       |     2 ||     2
Armor: Leather armour    |     9 |       |       |       ||     9
       Chain mail        |    52 |   137 |   134 |    41 ||   364
       Plate armour      |       |       |       |   307 ||   307
Dodge: Dodged            |    36 |    92 |    90 |   167 ||   385
Block: Buckler           |       |       |    25 |       ||    25
       Reflection        |       |       |     3 |     1 ||     4
       Shield            |       |       |    33 |    39 ||    72
       Other             |       |       |       |    29 ||    29
